 Dungeon Crawl Stone Soup version 0.24-a0-181-gd121a6d (webtiles) character file.

Game seed: 2087205853212354263

35 galech the Skirmisher (level 3, 26/29 HPs)
             Began as a Demonspawn Fighter on Mar 14, 2019.
             Quit the game on level 2 of the Dungeon.
             The game lasted 00:00:54 (956 turns).

galech the Skirmisher (Demonspawn Fighter)           Turns: 956, Time: 00:00:54

Health: 26/29      AC:  6    Str: 16    XL:     3   Next: 16%
Magic:  3/3        EV:  7    Int:  9    God:
Gold:   78         SH:  8    Dex: 13    Spells: 2/2 levels left

rFire    . . .     SeeInvis .   a - +0 war axe
rCold    . . .     Gourm    .   c - +0 shield
rNeg     . . .     Faith    .   b - +0 scale mail
rPois    .         Spirit   .   (no helmet)
rElec    .         Reflect  .   (no cloak)
rCorr    .         Harm     .   (no gloves)
MR       .....                  (no boots)
Stlth    ..........             (no amulet)
HPRegen  0.09/turn              (no ring)
MPRegen  0.08/turn              (no ring)

@: no status effects
A: claws 1, hooves 1
a: no special abilities


You were on level 2 of the Dungeon.
You were not hungry.

You visited 1 branch of the dungeon, and saw 2 of its levels.

You collected 78 gold pieces.

Inventory:

Hand Weapons
 a - a +0 war axe (weapon)
Armour
 b - a +0 scale mail (worn)
 c - a +0 shield (worn)
Scrolls
 g - a scroll of fog {unknown}
 h - a scroll of amnesia {unknown}
 i - a scroll of remove curse {unknown}
 j - a scroll of teleportation {unknown}
 l - a scroll of identify {unknown}
Potions
 d - a potion of might
 e - a potion of brilliance {unknown}
 k - 2 potions of agility {unknown}
 m - a potion of mutation {unknown}
 n - 2 potions of heal wounds {unknown}
Comestibles
 f - 3 rations


   Skills:
 + Level 3.2 Fighting
 + Level 2.4 Axes
 + Level 3.0 Armour
 + Level 0.4 Dodging
 + Level 2.9 Shields


You had 2 spell levels left.
You didn't know any spells.
Your spell library was empty.

Dungeon Overview and Level Annotations

Branches:
Dungeon (2/15)

Altars:


Innate Abilities, Weirdness & Mutations

You have sharp fingernails.
You have large cloven feet.


Message History

Increase (S)trength, (I)ntelligence, or (D)exterity?
You feel agile.
Your demonic ancestry asserts itself...
Your fingernails lengthen.
You closely miss the jackal. You hit the ooze.
The jackal bites you but does no damage.
You block the ooze's attack. You block the jackal's attack.
You slash the jackal!
You kill the jackal!
You barely miss the ooze. You block the ooze's attack. x2
You hit the ooze. You kick the ooze.
You kill the ooze!
No target in view!
No target in view!
No target in view!
No target in view!
No target in view!
No target in view!
No target in view!
No target in view!
Are you sure you want to abandon this character and quit the game? (Confirm with "yes".)

### .. ..# ###.# ###
#.# ..#.###... #.#
##### #.#.....## #.#
#.#...#####.#.......
#.#
#.#.................
#.#
#.#.#.#####.......#+
#.# #.#.#.#
#.@†...... #.#
#.#.#.# #.#.......
..# #.#.#.#
#.#.####..
#####.#.#.#####....
.......>............
..###.#.#.#####.....#
......#+#+#####.....#
######.......##. +###
.....'..)....#


There were no monsters in sight!

Vanquished Creatures
  An ooze (D:2)
  A worm (D:1)
  2 dart slugs
  2 bats (D:1)
  A giant cockroach (D:1)
  A goblin (D:1)
  5 hobgoblins (D:1)
  2 jackals (D:2)
  A kobold (D:1)
  A frilled lizard (D:1)
  6 rats (D:1)
23 creatures vanquished.

Notes
Turn   | Place    | Note
-------+----------+-------------------------------------------
     0 | D:1      | galech the Demonspawn Fighter began the quest for the Orb.
     0 | D:1      | Reached XP level 1. HP: 18/18 MP: 1/1
   156 | D:1      | Gained mutation: You have large cloven feet. [demonic
                  | ancestry]
   156 | D:1      | Reached XP level 2. HP: 12/24 MP: 2/2
   953 | D:2      | Gained mutation: You have sharp fingernails. [demonic
                  | ancestry]
   953 | D:2      | Reached XP level 3. HP: 25/29 MP: 3/3
   956 | D:2      | Quit the game

Levels and vault maps discovered:
D:1:      evilmike_arrival_run_for_it, layout_basic, moated_statue
D:2:      layout_basic, uniq_jessica, uniq_sigmund

Skill      XL: |  1  2 |
---------------+-------+-----
Armour         | 3 |  3.0
Axes           | 2 |  2.4
Fighting       | |  3.2
Dodging        | |  0.4
Shields        | |  2.9

Action                   || total
-------------------------++-------
Melee: War axe           ||    64
       Kick              ||    14
Armor: Scale mail        ||    51
Dodge: Dodged            ||    28
Block: Shield            ||    45

Table legend:
 A = Non-vault XP
 B = Vault XP
 C = Vault XP percentage of total XP
 D = Non-vault monster count
 E = Vault monster count
 F = Vault count percentage of total count
                 A         B        C        D         E       F
            +---------+---------+-------+---------+---------+-------
      Total |      45 |       5 |  10.0 |      22 |       1 |   4.3
            +---------+---------+-------+---------+---------+-------
        D:1 |      30 |       5 |  14.3 |      18 |       1 |   5.3
        D:2 |      15 |       0 |   0.0 |       4 |       0 |   0.0
            +---------+---------+-------+---------+---------+-------
